 Dungeon Crawl Stone Soup version 0.30-a0-956-gcec3b41aec (webtiles) character file.

Game seed: 12095975977216124336

1854 benadryl the Digger (level 8, -7/61 (67) HPs)
             Began as a Troll Earth Elementalist on Mar 29, 2023.
             Was a Follower of Sif Muna.
             Mangled by a killer bee (8 damage)
             ... on level 8 of the Dungeon.
             The game lasted 00:08:39 (5149 turns).

benadryl the Digger (Troll Earth Elementalist)      Turns: 5149, Time: 00:08:40

HP:   -7/61 (67)    AC:  4    Str: 17    XL:     8   Next: 89%
MP:   8/8           EV:  9    Int: 13    God:    Sif Muna [*.....]
Gold: 258           SH:  0    Dex: 10    Spells: 8/9 levels left

rFire   . . .      SeeInvis .      - Unarmed
rCold   . . .      Faith    .    (no shield)
rNeg    + . .      Spirit   .    a - +0 robe
rPois   .          Reflect  .    (helmet restricted)
rElec   .          Rampage  .    n - scarf {shadows}
rCorr   .                        (gloves unavailable)
Will    .....                    (boots unavailable)
Stlth   +                        (no amulet)
HPRegen 1.10/turn                g - ring of positive energy
MPRegen 0.11/turn                (no ring)

@: brilliant, lethally poisoned (-7 -> -9), about to teleport, drained
A: large, unfitting armour, claws 3, regeneration 1, shaggy fur 1, tough skin 1
a: Renounce Religion, Channel Magic


You were on level 8 of the Dungeon.
You worshipped Sif Muna.
Sif Muna was aware of your devotion.
You visited 1 branch of the dungeon, and saw 8 of its levels.

You collected 258 gold pieces.

Inventory:

Missiles
 p - 5 throwing nets
 r - 2 curare-tipped darts
Armour
 a - a +0 robe (worn)
 n - a scarf of shadows (worn)
Jewellery
 g - a ring of positive energy (left claw)
 t - a ring of fire
Wands
 i - a wand of quicksilver (9)
Scrolls
 e - 2 scrolls of noise {unknown}
 k - 2 scrolls of enchant armour
 l - 2 scrolls of immolation
 s - a scroll of enchant weapon
 u - a scroll of brand weapon {unknown}
Potions
 b - 2 potions of magic
 f - a potion of heal wounds {unknown}
 h - a potion of mutation {unknown}
 j - a potion of degeneration
 m - a potion of flight {unknown}
 o - a potion of brilliance
 q - a potion of might


   Skills:
 - Level 1.5 Dodging
 - Level 1.0 Stealth
 - Level 5.0 Unarmed Combat
 - Level 1.2 Spellcasting
 - Level 5.0 Conjurations
 - Level 0.6 Transmutations
 * Level 7.6 Earth Magic


You had 8 spell levels left.
You knew the following spells:

 Your Spells              Type           Power      Damage    Failure   Level
a - Sandblast             Erth           62%        2d14      1%          1

Your spell library contained the following spells:

 Spells                   Type           Power      Damage    Failure   Level
 Stone Arrow              Conj/Erth      50%        3d10      6%          3
 Passwall                 Tmut/Erth      14%        N/A       8%          2
 Petrify                  Tmut/Erth      17%        N/A       45%         4
 Manifold Assault         Tloc           1%         N/A       95%         4
 Dispersal                Tloc           0%         N/A       100%        6
 Disjunction              Tloc           0%         N/A       100%        8


Dungeon Overview and Level Annotations

Branches:
Dungeon (9/15)             Temple (0/1) D:6
   Lair: D:8-11         Orc: D:9-12

Altars:
Cheibriados
Hepliaklqana
Okawaru
Sif Muna
Uskayaw
Zin
The Shining One
Lugonu

Shops:
D:1 :   D:2 *

Portals:
Abyss: D:5

Annotations:
D:3 1 runed translucent door, Crazy Yiuf
D:4 1 runed translucent door, Jeffwins's ghost, novice HuWn


Innate Abilities, Weirdness & Mutations

You are too large for most types of armour.
You have claws for hands.
Your natural rate of healing is unusually fast.
You are covered in fur. (AC +1)
You have tough skin. (AC +1)


Message History

The hornet stings you but does no damage.
The bullfrog barely misses you.
Your surroundings suddenly seem different.
A killer bee comes into view.
The killer bee buzzes angrily.
You hear an angry buzzing noise. x2
A warg comes into view.
The centaur shouts!
You hear an angry buzzing noise.
The killer bee stings you!
The warg howls!
The killer bee buzzes angrily. x2
The killer bee barely misses you. The killer bee stings you.
You are poisoned.
The killer bee poisons you!
There is a stone staircase leading up, spattered with blood here.
You feel sick. The killer bee stings you.
* * * LOW HITPOINT WARNING * * *
The killer bee stings you but does no damage.
The killer bee stings you!
* * * LOW HITPOINT WARNING * * *
The killer bee stings you.
* * * LOW HITPOINT WARNING * * *
You are lethally poisoned!
The killer bee poisons you!
You climb upwards.
* * * LOW HITPOINT WARNING * * *
You feel sick.
The two-headed ogre shouts in stereo!
There is a stone staircase leading down here.
As you read the scroll of teleportation, it crumbles to dust.
You feel strangely unstable.
* * * LOW HITPOINT WARNING * * *
You feel very sick.
The killer bee stings you but does no damage. x3
The killer bee barely misses you.
It was a potion of brilliance.
You feel clever all of a sudden.
* * * LOW HITPOINT WARNING * * *
You feel sick. The killer bee barely misses you.
The killer bee stings you but does no damage. x2
The killer bee stings you!
You die...

#.# ## .
#.#.. . .. #
#.#.##.#
?..#.#.#....
.....#....###
...O...y....#
#..u.@y<...#
#..........#
#......?....
#..........#
#.....:....#
############


You could see a brown ugly thing, a two-headed ogre and 2 killer bees.

Vanquished Creatures
  Grinder (D:3)
  Edmund (D:4)
  A water moccasin (D:6)
  2 ice beasts
  A black bear (D:3)
  An ogre (D:5)
  Blork the orc (D:4)
  A bullfrog (D:6)
  5 scorpions
  2 howler monkeys (D:9)
  2 orc priests
  4 hounds
  2 sleepcaps
  Terence (D:2)
  3 orc wizards
  An iguana (D:5)
  5 adders
  8 gnolls
  A white imp (D:6)
  2 dart slugs
  18 orcs
  9 ball pythons
  6 endoplasms
  A giant cockroach (D:4)
  5 goblins
  9 hobgoblins
  8 jackals (D:1)
  4 kobolds
  6 bats
  A frilled lizard (D:2)
  4 rats
  2 lurking horrors (D:5)
118 creatures vanquished.

Vanquished Creatures (others)
  3 plants (D:5)
3 creatures vanquished.

Grand Total: 121 creatures vanquished

Notes
Turn   | Place    | Note
-------+----------+-------------------------------------------
     0 | D:1      | benadryl the Troll Earth Elementalist began the quest for
                  | the Orb.
     0 | D:1      | Reached XP level 1. HP: 16/16 MP: 1/1
    46 | D:1      | Reached skill level 1 in Unarmed Combat
    83 | D:1      | Reached XP level 2. HP: 24/24 MP: 2/2
   360 | D:1      | Reached XP level 3. HP: 27/31 MP: 3/3
   462 | D:1      | Found Oleun's Book Shop.
   712 | D:2      | Found Tateqih's Assorted Antiques.
   752 | D:2      | Found a faded altar of an unknown god.
   784 | D:2      | Reached XP level 4. HP: 36/39 MP: 4/4
   904 | D:2      | Noticed Terence
   927 | D:2      | Killed Terence
  1408 | D:3      | Reached XP level 5. HP: 16/45 MP: 5/5
  1531 | D:3      | Reached skill level 5 in Unarmed Combat
  1742 | D:3      | Found a glowing silver altar of Zin.
  1769 | D:3      | Found a runed translucent door.
  1770 | D:3      | Noticed Crazy Yiuf
  1806 | D:3      | Noticed Grinder
  1811 | D:3      | Paralysed by Grinder for 2 turns
  1823 | D:4      | Noticed a black bear
  1823 | D:4      | Found a runed translucent door.
  1834 | D:3      | Killed Grinder
  1835 | D:3      | Reached XP level 6. HP: 25/53 MP: 6/6
  2387 | D:4      | Noticed Jeffwins's ghost (novice HuWn)
  2592 | D:3      | Reached XP level 7. HP: 23/59 MP: 7/7
  2732 | D:4      | Found a hide-covered altar of Uskayaw.
  2738 | D:4      | Found an iron altar of Okawaru.
  2740 | D:4      | Found a shimmering blue altar of Sif Muna.
  2740 | D:4      | Noticed Edmund
  2742 | D:4      | Found a snail-covered altar of Cheibriados.
  2753 | D:4      | Killed Edmund
  2757 | D:4      | Became a worshipper of Sif Muna the Loreminder
  2882 | D:4      | Found a glowing golden altar of the Shining One.
  2986 | D:4      | Noticed Blork the orc
  3012 | D:4      | Killed Blork the orc
  3100 | D:4      | Reached skill level 5 in Conjurations
  3100 | D:4      | Reached skill level 3 in Earth Magic
  3364 | D:5      | Entered Level 5 of the Dungeon
  3565 | D:5      | Reached skill level 4 in Earth Magic
  3723 | D:5      | Reached XP level 8. HP: 17/67 MP: 8/8
  4176 | D:5      | Found a hazy altar of Hepliaklqana.
  4206 | D:5      | Reached skill level 5 in Earth Magic
  4443 | D:5      | Found a corrupted altar of Lugonu.
  4444 | D:5      | Found a one-way gate to the infinite horrors of the Abyss.
  4686 | D:6      | Reached * piety under Sif Muna
  4687 | D:6      | Reached skill level 6 in Earth Magic
  4883 | D:6      | Found a staircase to the Ecumenical Temple.
  4909 | D:6      | Reached skill level 7 in Earth Magic
  5119 | D:6      | You fall into a shaft and drop 3 floors!
  5136 | D:9      | Noticed a hornet
  5147 | D:8      | Noticed a brown ugly thing
  5147 | D:8      | Noticed a two-headed ogre
  5147 | D:8      | HP: 3/61 [poisoned by a killer bee]
  5148 | D:8      | HP: 1/61 [poisoned by a killer bee]
  5149 | D:8      | Mangled by a killer bee

Illustrated notes

Levels and vault maps discovered:
D:1:      minmay_arrival_jagged, layout_rooms, serial_shops, shop,
          chequers_serial_rivers_room_b, minmay_ruptured
D:2:      layout_basic, ebering_ecumenical_altar_abandoned, serial_shops,
          nicolae_square_shop, nicolae_concentric_dashed_squares_wild,
          uniq_terence
D:3:      layout_basic, lemuel_doored_altar, serial_corexii_hall,
          corexii_hall_statues_s, corexii_hall_statues_t,
          corexii_hall_statues_x, uniq_grinder, uniq_crazy_yiuf_cottage
D:4:      layout_basic, chequers_temple_overflow_minitemple,
          ebering_ghost_sewer_d, uniq_blork_the_orc, uniq_edmund
D:5:      layout_basic, mainiacjoe_overflow_alcove_4, small_statue_intersection,
          amcnicky_altar_lugonu_corruption
D:6:      layout_loops_cross, hangedman_ru_absence, minmay_temple_entry_glass,
          nicolae_figureground_sparkle
D:8:      layout_basic, serial_glass, glass_columns_a, glass_columns_b,
          due_unseen_surprise, item_on_display_a, feat_on_display,
          item_on_display_a, serial_shops, kennysheep_mini_moat, shop,
          nicolae_stop_n_shop_2, nicolae_shop_statue_plus, uniq_erica,
          uniq_amaemon, uniq_joseph
D:9:      layout_cross, erik_lair_orcish_takeover, nzn_sisyphean_effort

Skill      XL: |  1  2  3  4  5  6  7  8 |
---------------+-------------------------+-----
Unarmed Combat | 1 2 3 4 5 |  5.0
Conjurations   | 2 3 5 |  5.0
Earth Magic    | 4 7 |  7.6
Dodging        | |  1.5
Stealth        | |  1.0
Spellcasting   | |  1.2
Transmutations | |  0.6

Action                     |  1- 3 |  4- 6 |  7- 9 || total
---------------------------+-------+-------+-------++-------
  Melee: Unarmed           |   110 |    62 |   174 ||   346
         Punch             |       |     2 |     3 ||     5
   Cast: Sandblast         |       |    27 |    32 ||    59
    Use: Scroll            |       |     2 |     9 ||    11
         Potion            |       |     1 |     2 ||     3
   Stab: Sleeping          |     2 |     1 |     1 ||     4
         Fleeing           |       |     1 |       ||     1
 Armour: Robe              |    64 |    24 |    45 ||   133
         Skin              |       |    12 |       ||    12
  Dodge: Dodged            |    72 |    50 |    72 ||   194

Table legend: (Time is in decaauts)
 A = Elapsed time spent in this place.
 B = Non-inter-level travel time spent in this place.
 C = Inter-level travel time spent in this place.
 D = Time resting spent in this place.
 E = Time spent auto-exploring this place.
 F = Levels seen in this place.
 G = Mean time per level.
                   A        B        C        D        E       F      G
               +--------+--------+--------+--------+--------+-----+--------+
         Total |   5154 |   5020 |    134 |    928 |   3147 |   8 |  644.2 |
       Dungeon |   5154 |   5020 |    134 |    928 |   3147 |   8 |  644.2 |
               +--------+--------+--------+--------+--------+-----+--------+

Top non-repeatable levels by time:
     D:5: 1312 daAuts
     D:3: 1114 daAuts
     D:4: 898 daAuts
     D:2: 767 daAuts
     D:1: 585 daAuts
     D:6: 446 daAuts
     D:9: 28 daAuts
     D:8: 1 daAuts
